[Event "ICC tourney 2533 (25 5)"]
[Site "Internet Chess Club"]
[Date "2021.04.24"]
[Round "2"]
[White "SHAH, ROSHAN:K09-15246447"]
[Black "JUSTICE, DREW:K09-14561797"]
[Result "0-1"]
[ICCResult "White resigns"]
[WhiteElo "1320"]
[BlackElo "2030"]
[Opening "Queen's gambit declined"]
[ECO "D30"]
[NIC "QO.17"]
[Time "13:11:33"]
[PlyCount "118"]
[TimeControl "1500+5"]

1. d4 e6 2. c4 d5 3. Nf3 Nf6 4. Bf4 Bd6 5. Bg3 b6 6. e3 O-O 7. Bd3 c5 8.
cxd5 exd5 9. Nc3 Bg4 10. O-O Nc6 11. Be2 Bxg3 12. hxg3 Re8 13. Rc1 Qd6 14.
Nb5 Qe7 15. dxc5 bxc5 16. Qc2 c4 17. a3 Ne4 18. Rfd1 Rad8 19. Nbd4 Nxd4 20.
Nxd4 Nxf2 21. Kxf2 Qxe3+ 22. Kf1 Qxg3 23. Bxg4 Qxg4 24. Qf5 Qh4 25. Qh3 Qe4
26. Qf3 Qg6 27. Nb5 Re5 28. Nd4 Qb6 29. Rc2 Rd6 30. Qg4 Re4 31. Re2 h5 32.
Qxh5 Rh6 33. Qxd5 Rh1+ 34. Kf2 Rf4+ 35. Kg3 Rxd1 36. Re8+ Kh7 37. Qh5+ Qh6
38. Qxh6+ Kxh6 39. Kxf4 Rxd4+ 40. Ke3 Rd3+ 41. Ke2 Rb3 42. Re7 Rxb2+ 43.
Kf3 Rb3+ 44. Re3 Rxe3+ 45. Kxe3 Kg5 46. Kd4 Kg4 47. Kxc4 Kg3 48. Kc5 Kxg2
49. Kc6 f5 50. Kb7 f4 51. Kxa7 f3 52. Kb6 f2 53. a4 f1=Q 54. a5 g5 55. a6
Qxa6+ 56. Kxa6 g4 57. Kb5 Kf3 58. Kc5 g3 59. Kd4 g2 { White resigns } 0-1

[Event "ICC tourney 2533 (25 5)"]
[Site "Internet Chess Club"]
[Date "2021.04.24"]
[Round "2"]
[White "PALUSA, MAURYA:K09-14641168"]
[Black "MISHRA, ARYAN:K09-15817708"]
[Result "0-1"]
[ICCResult "White checkmated"]
[WhiteElo "2089"]
[BlackElo "1356"]
[Opening "Sicilian: Najdorf, 6.Bg5"]
[ECO "B94"]
[NIC "SI.04"]
[Time "13:13:08"]
[PlyCount "66"]
[TimeControl "1500+5"]

1. e4 c5 2. Nf3 d6 3. d4 cxd4 4. Nxd4 Nf6 5. Nc3 a6 6. Bg5 Nbd7 7. f4 e5 8.
Nf5 Qb6 9. a3 h6 10. Bxf6 Nxf6 11. fxe5 dxe5 12. Bc4 Bxf5 13. exf5 Bc5 14.
Qe2 O-O 15. O-O-O Bd4 16. Rd3 Rac8 17. Bb3 Rfd8 18. Ne4 Nxe4 19. Qxe4 a5
20. a4 Qb4 21. Qe1 e4 22. Qxb4 axb4 23. Rg3 Bf2 24. Rg4 e3 25. Re4 Re8 26.
Rxe8+ Rxe8 27. Bc4 e2 28. Bxe2 Rxe2 29. Kd1 Re5 30. Rf1 Bd4 31. Rf4 Bxb2
32. Rxb4 Bc3 33. Rxb7 Re1# { White checkmated } 0-1

[Event "ICC tourney 2533 (25 5)"]
[Site "Internet Chess Club"]
[Date "2021.04.24"]
[Round "2"]
[White "NARNUR, PRASHANSA:K09-15668920"]
[Black "VIJAY HIMAGHNA SISTA, SAI:K09-17280467"]
[Result "0-1"]
[ICCResult "White resigns"]
[WhiteElo "1498"]
[BlackElo "435"]
[Opening "English opening"]
[ECO "A20"]
[NIC "EO.24"]
[Time "13:11:25"]
[PlyCount "110"]
[TimeControl "1500+5"]

1. c4 e5 2. g3 Nc6 3. Bg2 Nf6 4. Nc3 Bc5 5. d3 h6 6. Nf3 d6 7. O-O O-O 8.
a3 a5 9. Nb5 Be6 10. Bd2 e4 11. Ne1 exd3 12. exd3 Qd7 13. Nf3 Bh3 14. d4
Bxg2 15. Kxg2 Bb6 16. Be3 Na7 17. Nc3 c6 18. Qe2 Rfe8 19. Qc2 Ng4 20. Bf4
d5 21. cxd5 cxd5 22. Qb3 Re6 23. Nxd5 Qb5 24. Qxb5 Nxb5 25. Nxb6 Rxb6 26.
h3 Nf6 27. Rfd1 Nd5 28. Be3 Nxe3+ 29. fxe3 Rd8 30. Kf2 Nd6 31. Rab1 Ne4+
32. Kg2 Rb3 33. Re1 f6 34. Ng1 Nd2 35. Rbd1 Nc4 36. Kf2 Rxb2+ 37. Re2 Rb3
38. Rc1 b5 39. a4 Re8 40. axb5 Nd6 41. Ra1 Rxb5 42. g4 Ne4+ 43. Kf3 Ng5+
44. Kf2 f5 45. Ra3 fxg4 46. hxg4 Re4 47. Kg3 a4 48. Rxa4 Rb3 49. Ra8+ Kh7
50. d5 Rbxe3+ 51. Rxe3 Rxe3+ 52. Kf2 Rd3 53. Rd8 Ne6 54. Rd7 Nc5 55. Rd6
Ne4+ { White resigns } 0-1

[Event "ICC tourney 2533 (25 5)"]
[Site "Internet Chess Club"]
[Date "2021.04.24"]
[Round "2"]
[White "SCHOENBAUER, JAKE:K09-16875594"]
[Black "FRANCISCO VARELA, CARLOS:K09-16399805"]
[Result "0-1"]
[ICCResult "White forfeits on time"]
[WhiteElo "1299"]
[BlackElo "2011"]
[Opening "KGD: Falkbeer, 3...e4"]
[ECO "C32"]
[NIC "KG.04"]
[Time "13:13:26"]
[PlyCount "66"]
[TimeControl "1500+5"]

1. e4 e5 2. f4 d5 3. exd5 e4 4. c4 c6 5. Nc3 Nf6 6. d3 Bb4 7. a3 Bxc3+ 8.
bxc3 O-O 9. Ne2 Re8 10. d4 cxd5 11. Ng3 Qa5 12. Qb3 Nc6 13. Be2 Nxd4 14.
Qb2 Nxe2 15. Nxe2 Bg4 16. Nd4 Rac8 17. O-O Rxc4 18. Nb5 a6 19. Nd4 Qxc3 20.
Qxc3 Rxc3 21. Bb2 Rd3 22. Rfe1 Rc8 23. Rac1 Rxc1 24. Rxc1 Rd1+ 25. Rxd1
Bxd1 26. h3 h5 27. Kf2 Ba4 28. Nf5 Bc6 29. Ke3 Kf8 30. Bd4 g6 31. Nd6 Nd7
32. Nc8 b5 33. Nb6 Ke8 { White forfeits on time } 0-1

[Event "ICC tourney 2533 (25 5)"]
[Site "Internet Chess Club"]
[Date "2021.04.24"]
[Round "2"]
[White "PARK, LUCAS:K09-16422040"]
[Black "MIYASAKA, JULIA:K09-14751032"]
[Result "0-1"]
[ICCResult "White checkmated"]
[WhiteElo "1084"]
[BlackElo "1746"]
[Opening "QGD: Charousek (Petrosian) variation"]
[ECO "D31"]
[NIC "QP.08"]
[Time "13:12:00"]
[PlyCount "84"]
[TimeControl "1500+5"]

1. d4 d5 2. c4 e6 3. Nc3 Be7 4. cxd5 exd5 5. Nf3 c6 6. e4 dxe4 7. Nxe4 Nf6
8. Bd3 Bg4 9. O-O Bxf3 10. Qxf3 Qxd4 11. Nxf6+ Qxf6 12. Bb5 Qxf3 13. gxf3
cxb5 14. Re1 Nc6 15. b3 O-O 16. Bd2 Bf6 17. Rad1 Rad8 18. Be3 Rxd1 19. Rxd1
Rd8 20. Rxd8+ Bxd8 21. Kf1 f5 22. Ke2 Kf7 23. Kd3 Nb4+ 24. Kc3 Nd5+ 25. Kd3
Nxe3 26. Kc3 Nd1+ 27. Kd2 Nxf2 28. Ke2 Nh3 29. Ke3 Bc7 30. a3 Bxh2 31. Kd4
Bd6 32. Kd5 Bxa3 33. Kd4 h5 34. Ke3 g5 35. Ke2 h4 36. Kf1 Nf4 37. Kg1 g4
38. fxg4 fxg4 39. Kh2 g3+ 40. Kg1 Bc5+ 41. Kh1 g2+ 42. Kh2 g1=Q# { White
checkmated } 0-1

[Event "ICC tourney 2533 (25 5)"]
[Site "Internet Chess Club"]
[Date "2021.04.24"]
[Round "2"]
[White "NOAH MANDL CIOLEK, SIMON:K09-14759264"]
[Black "TOBY LYU, ETHAN:K09-16195991"]
[Result "0-1"]
[ICCResult "White checkmated"]
[WhiteElo "1149"]
[BlackElo "1838"]
[Opening "Sicilian: Grand Prix attack"]
[ECO "B23"]
[NIC "SI.44"]
[Time "13:13:50"]
[PlyCount "74"]
[TimeControl "1500+5"]

1. e4 c5 2. Nc3 Nc6 3. f4 g6 4. Bc4 Bg7 5. Nf3 e6 6. O-O Nge7 7. e5 O-O 8.
d4 cxd4 9. Nxd4 d5 10. Bb3 a6 11. Be3 b5 12. Qg4 Bb7 13. Rad1 Nxd4 14. Bxd4
Nf5 15. Bc5 Re8 16. Ne2 Qc7 17. Bf2 a5 18. a4 Ba6 19. Rfe1 Rab8 20. axb5
Bxb5 21. Nc3 Bc6 22. Rd3 Red8 23. Ne2 a4 24. Ba2 Rxb2 25. Bb1 Rdb8 26. Rdd1
a3 27. c3 a2 28. Bd3 Bb5 29. Bxb5 R8xb5 30. Ra1 Qc4 31. Nd4 Nxd4 32. Bxd4
Rb1 33. Qg3 Rxa1 34. Rxa1 Rb1+ 35. Rxb1 axb1=Q+ 36. Kf2 Qbf1+ 37. Ke3 Qcd3#
{ White checkmated } 0-1

[Event "ICC tourney 2533 (25 5)"]
[Site "Internet Chess Club"]
[Date "2021.04.24"]
[Round "2"]
[White "KIM, JOON:K09-16270585"]
[Black "NICHOLSON, IAN:K09-15545322"]
[Result "0-1"]
[ICCResult "White checkmated"]
[WhiteElo "1182"]
[BlackElo "1866"]
[Opening "Sicilian: Kan, 5.Nc3"]
[ECO "B43"]
[NIC "SI.41"]
[Time "13:12:29"]
[PlyCount "68"]
[TimeControl "1500+5"]

1. e4 c5 2. Nf3 e6 3. d4 cxd4 4. Nxd4 a6 5. Nc3 Qc7 6. Bd3 Nf6 7. Qe2 Nc6
8. Nxc6 dxc6 9. e5 Nd5 10. Bd2 Be7 11. O-O Nxc3 12. Bxc3 c5 13. Rad1 Bd7
14. Be4 Bb5 15. Bd3 Bc6 16. Rfe1 O-O-O 17. Be4 Kb8 18. Qf3 Bxe4 19. Qxe4
Ka7 20. Rxd8 Qxd8 21. Qf3 Rf8 22. Rd1 Qc7 23. Qe4 g6 24. Qe1 Rd8 25. Rxd8
Qxd8 26. Qd2 Qc7 27. Qh6 Qd7 28. g3 Qd1+ 29. Kg2 Qxc2 30. Qxh7 Qe4+ 31. Kh3
Qf3 32. Qg7 Qxf2 33. Qh6 Qf1+ 34. Kg4 Qf5# { White checkmated } 0-1

[Event "ICC tourney 2533 (25 5)"]
[Site "Internet Chess Club"]
[Date "2021.04.24"]
[Round "2"]
[White "GANESAN, VIKRANT:K09-16786952"]
[Black "KURIAN ABHILASH, ALEN:K09-17188617"]
[Result "1/2-1/2"]
[ICCResult "Game drawn by mutual agreement"]
[WhiteElo "1628"]
[BlackElo "1040"]
[Opening "QGD: classical variation (5.Bf4)"]
[ECO "D37"]
[NIC "QO.04"]
[Time "13:13:50"]
[PlyCount "147"]
[TimeControl "1500+5"]

1. d4 d5 2. c4 e6 3. Nf3 Nf6 4. Nc3 Be7 5. Bf4 O-O 6. e3 b6 7. cxd5 exd5 8.
Bd3 Bb7 9. O-O Nbd7 10. a3 Rc8 11. b4 Nh5 12. Bg3 Nxg3 13. hxg3 Nf6 14. Qb3
Qd7 15. Rfc1 a6 16. Ne5 Qd8 17. Ne2 Bd6 18. Nc6 Bxc6 19. Rxc6 Ra8 20. a4
Qe7 21. Rac1 a5 22. bxa5 Rxa5 23. Nc3 Bxg3 24. Rxf6 gxf6 25. Nxd5 Qe6 26.
Bc4 Bd6 27. Nxc7 Qg4 28. Nd5 Qh4 29. Rb1 Kh8 30. g3 Rg8 31. Nf4 Bxf4 32.
exf4 Rh5 33. Bd5 Qxf4 34. Bxf7 Rxg3+ 35. Qxg3 Rg5 36. Rb3 Rxg3+ 37. Rxg3 h6
38. Kg2 Qe4+ 39. Kh2 Qh4+ 40. Kg2 Qxd4 41. Be8 Qe4+ 42. Rf3 Qxe8 43. Rxf6
Qg8+ 44. Kf3 Qb3+ 45. Kf4 Qxa4+ 46. Kf5 Qb5+ 47. Kg6 Qe8+ 48. Kxh6 b5 49.
Rb6 Qf8+ 50. Kg6 Qg8+ 51. Kh6 Qg7+ 52. Kh5 Qe5+ 53. Kh6 b4 54. Rxb4 Qg7+
55. Kh5 Qh7+ 56. Kg4 Qd7+ 57. Kf3 Qd3+ 58. Kg2 Qg6+ 59. Kf3 Qf7+ 60. Kg2
Qd5+ 61. Kf1 Qd1+ 62. Kg2 Qd5+ 63. Kf1 Kg7 64. Rb2 Qh1+ 65. Ke2 Qe4+ 66.
Kf1 Qc4+ 67. Re2 Qc1+ 68. Kg2 Qg5+ 69. Kf1 Qb5 70. f3 Kf6 71. Kf2 Kf5 72.
Re4 Qb2+ 73. Ke3 Qc3+ 74. Ke2 { Game drawn by mutual agreement } 1/2-1/2

[Event "ICC tourney 2533 (25 5)"]
[Site "Internet Chess Club"]
[Date "2021.04.24"]
[Round "2"]
[White "ZONG, DAVIS:K09-14980186"]
[Black "HUANG, LULU:K09-15214738"]
[Result "1-0"]
[ICCResult "Black checkmated"]
[WhiteElo "2269"]
[BlackElo "1414"]
[Opening "QGD: Marshall defense"]
[ECO "D06"]
[NIC "QP.08"]
[Time "13:12:31"]
[PlyCount "95"]
[TimeControl "1500+5"]

1. d4 d5 2. c4 Nf6 3. cxd5 Nxd5 4. e4 Nb6 5. Nc3 e5 6. Be3 exd4 7. Bxd4 Nc6
8. Be3 Bd7 9. Nf3 Bd6 10. Be2 O-O 11. O-O f5 12. exf5 Bxf5 13. Qb3+ Kh8 14.
Nb5 Be7 15. Rfd1 Qc8 16. Nfd4 Nxd4 17. Bxd4 c5 18. Be5 c4 19. Qg3 Bg6 20.
Nc7 Qf5 21. Nxa8 Nd7 22. Bd4 Nc5 23. Nc7 Ne4 24. Qg4 Qf7 25. Qe6 Bd6 26.
Qxf7 Rxf7 27. Ne6 Kg8 28. Bxc4 Re7 29. Ng5+ Kf8 30. Nxe4 Bxe4 31. f3 Bg6
32. Bxg7+ Kxg7 33. Rxd6 Rc7 34. b3 Re7 35. Rad1 Rc7 36. Rd7+ Rxd7 37. Rxd7+
Kh6 38. Rxb7 Kh5 39. Rxa7 Kh6 40. b4 Kh5 41. b5 Kh4 42. g3+ Kg5 43. b6 h5
44. h4+ Kh6 45. b7 Bd3 46. b8=Q Bxc4 47. Qf4+ Kg6 48. Qg5# { Black
checkmated } 1-0

[Event "ICC tourney 2533 (25 5)"]
[Site "Internet Chess Club"]
[Date "2021.04.24"]
[Round "2"]
[White "BERGMAN CHUDNOW, BRYAN:K09-15424930"]
[Black "VIBHAV BONDALAPATI, SRI:K09-16633657"]
[Result "1-0"]
[ICCResult "Black checkmated"]
[WhiteElo "1759"]
[BlackElo "1101"]
[Opening "King's Indian, 3.Nf3"]
[ECO "E61"]
[NIC "QP.06"]
[Time "13:11:48"]
[PlyCount "75"]
[TimeControl "1500+5"]

1. d4 Nf6 2. Nf3 g6 3. c4 Bg7 4. Nc3 O-O 5. Bf4 d6 6. e3 c6 7. Be2 Qb6 8.
Qd2 Bf5 9. O-O Rd8 10. Nh4 Bd7 11. Rfd1 Na6 12. h3 Qc7 13. c5 Be6 14. e4 g5
15. cxd6 exd6 16. Bxg5 Rdc8 17. Qf4 Ne8 18. Bg4 d5 19. e5 c5 20. Nf5 cxd4
21. Nxg7 Nxg7 22. Bf6 Qc5 23. Bxg7 Kxg7 24. Qf6+ Kg8 25. Bxe6 fxe6 26. Rd3
Qxc3 27. bxc3 Rxc3 28. Rxd4 Rc4 29. Rd3 Rg4 30. hxg4 Rf8 31. Qxe6+ Kh8 32.
Rxd5 Nc7 33. Qe7 Rg8 34. Qxc7 Rxg4 35. Rd8+ Rg8 36. Rxg8+ Kxg8 37. Rd1 Kf8
38. Rd8# { Black checkmated } 1-0

[Event "ICC tourney 2533 (25 5)"]
[Site "Internet Chess Club"]
[Date "2021.04.24"]
[Round "2"]
[White "JONNALAGADDA, VISHNUSANKAR:K09-16457328"]
[Black "HU, MERRIC:K09-14686967"]
[Result "0-1"]
[ICCResult "White resigns"]
[WhiteElo "1408"]
[BlackElo "2275"]
[Opening "Sicilian: accelerated fianchetto, modern variation with Bc4"]
[ECO "B35"]
[NIC "SI.34"]
[Time "13:11:24"]
[PlyCount "76"]
[TimeControl "1500+5"]

1. e4 c5 2. Nf3 Nc6 3. d4 cxd4 4. Nxd4 Nf6 5. Nc3 g6 6. Be3 Bg7 7. Bc4 O-O
8. Bb3 d6 9. f3 Bd7 10. Qd2 Rc8 11. O-O-O Ne5 12. h4 h5 13. Bg5 Rc5 14. Kb1
b5 15. g4 hxg4 16. h5 Nxh5 17. Nd5 Re8 18. Rdg1 a5 19. Nf5 Bxf5 20. exf5
Nxf3 21. Qg2 Nxg5 22. fxg6 e6 23. gxf7+ Nxf7 24. Qxg4 exd5 25. Rxh5 Qf6 26.
c3 Re5 27. Rxe5 Nxe5 28. Qg2 Qf7 29. Qg5 Nc6 30. Qg2 a4 31. Bc2 b4 32. Rf1
Qe6 33. Rg1 Qe5 34. Qh3 Ne7 35. Rf1 Bf6 36. Qh7+ Kf8 37. Qh8+ Kf7 38. Qh5+
Qxh5 { White resigns } 0-1

[Event "ICC tourney 2533 (25 5)"]
[Site "Internet Chess Club"]
[Date "2021.04.24"]
[Round "2"]
[White "MENON, GAURI:K09-15187152"]
[Black "PANJWANI, IMAD:K09-16510285"]
[Result "1-0"]
[ICCResult "Black resigns"]
[WhiteElo "1960"]
[BlackElo "1237"]
[Opening "Réti opening"]
[ECO "A30"]
[NIC "QP.10"]
[Time "13:12:11"]
[PlyCount "85"]
[TimeControl "1500+5"]

1. Nf3 c5 2. c4 d6 3. Nc3 Nf6 4. g3 Nc6 5. Bg2 g6 6. O-O Bg7 7. d4 cxd4 8.
Nxd4 Bd7 9. e3 O-O 10. b3 Rc8 11. Bb2 Qb6 12. Rc1 Bg4 13. Qd2 Rfe8 14. Na4
Qc7 15. c5 Rcd8 16. cxd6 Qxd6 17. Nc5 Nxd4 18. Bxd4 e5 19. Nxb7 Qd7 20.
Nxd8 Rxd8 21. Qa5 exd4 22. Rc7 Qd6 23. Qxa7 Be6 24. exd4 Qxd4 25. Qb7 Qb2
26. Qb6 Nd5 27. Bxd5 Rxd5 28. Re7 Qf6 29. Re8+ Bf8 30. Qb4 Qg7 31. a4 h5
32. a5 Bd7 33. Ra8 Bh3 34. Re1 Be6 35. a6 Rd7 36. Qb8 Bd5 37. Qe8 Re7 38.
Rxe7 Qa1+ 39. Re1 Qa3 40. Rd8 Be6 41. a7 Qb4 42. Red1 Qxb3 43. a8=Q { Black
resigns } 1-0

[Event "ICC tourney 2533 (25 5)"]
[Site "Internet Chess Club"]
[Date "2021.04.24"]
[Round "2"]
[White "WANG, OLLI:K09-17042860"]
[Black "SHUKLA, ARIN:K09-15582643"]
[Result "0-1"]
[ICCResult "White checkmated"]
[WhiteElo "958"]
[BlackElo "1553"]
[Opening "Danish gambit"]
[ECO "C21"]
[NIC "KP.04"]
[Time "13:14:31"]
[PlyCount "160"]
[TimeControl "1500+5"]

1. e4 e5 2. d4 exd4 3. c3 Nf6 4. cxd4 d5 5. e5 Nfd7 6. Nc3 Bb4 7. Bd2 Nb6
8. Bb5+ c6 9. Bd3 Be6 10. Nf3 N8d7 11. a3 Be7 12. b4 Bg4 13. h3 Be6 14. Na4
Nxa4 15. Qxa4 a6 16. Rc1 Rc8 17. Qb3 h6 18. a4 O-O 19. b5 axb5 20. axb5 c5
21. Qc3 Qb6 22. Be3 c4 23. Be2 Qxb5 24. O-O Ra8 25. Rb1 Qc6 26. Rfc1 b5 27.
Bd3 Rfc8 28. Kh2 Ra3 29. Qc2 Rxd3 30. Qxd3 cxd3 31. Rxc6 Rxc6 32. Rxb5 Rc2
33. Rb3 Bf5 34. g4 Be4 35. Kg3 Bg5 36. Nxg5 hxg5 37. Rb1 d2 38. Rd1 Nb6 39.
Rxd2 Rxd2 40. Bxd2 f6 41. f3 Bg6 42. Be3 Nc4 43. Bc1 fxe5 44. dxe5 Nxe5 45.
Bxg5 d4 46. Kf2 d3 47. Ke3 d2 48. Kxd2 Nxf3+ 49. Ke3 Nxg5 50. Kf4 Nxh3+ 51.
Kg3 Ng5 52. Kh4 Ne6 53. Kg3 Kf7 54. Kh4 Kf6 55. Kg3 Kg5 56. Kh3 Be8 57. Kg3
Bd7 58. Kf3 Nc5 59. Kg3 Bxg4 60. Kf2 Kf4 61. Ke1 Ne4 62. Kf1 Bh3+ 63. Ke2
g5 64. Ke1 g4 65. Ke2 g3 66. Ke1 g2 67. Ke2 g1=Q 68. Kd3 Qe3+ 69. Kc4 Qd2
70. Kb3 Be6+ 71. Ka4 Nc5+ 72. Kb5 Ke4 73. Kc6 Qd5+ 74. Kb5 Nd3+ 75. Kb6
Qc5+ 76. Kb7 Qd6 77. Ka7 Qc6 78. Kb8 Qd7 79. Ka8 Bd5+ 80. Kb8 Qb7# { White
checkmated } 0-1

[Event "ICC tourney 2533 (25 5)"]
[Site "Internet Chess Club"]
[Date "2021.04.24"]
[Round "2"]
[White "SKY MOERLIEN, PUWIT:K09-15664335"]
[Black "KANSARA, SATYEN:K09-16412456"]
[Result "0-1"]
[ICCResult "White checkmated"]
[WhiteElo "1671"]
[BlackElo "461"]
[Opening "King's Indian: orthodox, Aronin-Taimanov, 9.Ne1"]
[ECO "E98"]
[NIC "KI.03"]
[Time "13:13:11"]
[PlyCount "190"]
[TimeControl "1500+5"]

1. d4 Nf6 2. c4 g6 3. Nc3 Bg7 4. Nf3 O-O 5. e4 d6 6. Be2 e5 7. O-O Nc6 8.
d5 Ne7 9. Ne1 c6 10. dxc6 bxc6 11. Be3 d5 12. cxd5 cxd5 13. exd5 Nexd5 14.
Nxd5 Nxd5 15. Bc5 Re8 16. Bc4 Be6 17. Bb5 Bd7 18. Bxd7 Qxd7 19. Nc2 Red8
20. Rc1 Rab8 21. b4 Nc3 22. Qxd7 Rxd7 23. a3 Ne2+ 24. Kh1 Nxc1 25. Rxc1
Rbd8 26. Ne3 Bh6 27. g3 Bxe3 28. Bxe3 Rd1+ 29. Rxd1 Rxd1+ 30. Kg2 Ra1 31.
Bxa7 Rxa3 32. Bc5 Rb3 33. Kf1 f5 34. Ke2 Kf7 35. Kd2 Ke6 36. Kc2 Ra3 37.
Be3 Ra8 38. Kb3 Rb8 39. Kc4 Kd6 40. b5 Rc8+ 41. Kb4 Kc7 42. Kc5 Kb7+ 43.
Kb4 Rf8 44. Bc5 Rd8 45. Be3 Rd1 46. h4 Rf1 47. Kc5 f4 48. gxf4 exf4 49.
Bxf4 Rxf2 50. Bg5 Rf5+ 51. Kc4 Kb6 52. Bd8+ Kb7 53. Bg5 Re5 54. Bf6 Re4+
55. Kd5 Rf4 56. Bg5 Rf5+ 57. Kc4 Rf3 58. Bd8 Rf8 59. Be7 Re8 60. Bg5 Kb6
61. Bf6 Ra8 62. Bd4+ Kb7 63. Bf6 Ra4+ 64. Kc5 Rf4 65. Bg5 Rf5+ 66. Kc4 Rf3
67. Kc5 Rh3 68. Bd8 h6 69. b6 g5 70. hxg5 hxg5 71. Kd4 g4 72. Bc7 Rf3 73.
Ke4 Ra3 74. Bd6 Rb3 75. Bc5 g3 76. Kf4 g2 77. Bf2 Rb1 78. Kf3 g1=Q 79. Bg3
Rxb6 80. Be5 Rf6+ 81. Ke4 Re6 82. Kf3 Rxe5 83. Kf4 Qe3+ 84. Kg4 Qf2 85. Kh3
Qf3+ 86. Kh4 Rg5 87. Kxg5 Kc7 88. Kg6 Kd7 89. Kg5 Ke7 90. Kg6 Qf4 91. Kg7
Qf5 92. Kg8 Qf6 93. Kh7 Qg5 94. Kh8 Kf7 95. Kh7 Qg7# { White checkmated }
0-1

[Event "ICC tourney 2533 (25 5)"]
[Site "Internet Chess Club"]
[Date "2021.04.24"]
[Round "2"]
[White "KHANNA, SAVIR:K09-15724048"]
[Black "NG, TIMOTHY:K09-15541548"]
[Result "1/2-1/2"]
[ICCResult "Game drawn by repetition"]
[WhiteElo "1160"]
[BlackElo "1857"]
[Opening "Sicilian: closed, 2...Nc6"]
[ECO "B23"]
[NIC "SI.44"]
[Time "13:13:19"]
[PlyCount "114"]
[TimeControl "1500+5"]

1. e4 c5 2. Nc3 Nc6 3. Bb5 g6 4. Bxc6 dxc6 5. f4 Bg7 6. Nf3 Nf6 7. O-O O-O
8. e5 Nd5 9. d4 cxd4 10. Qxd4 Bf5 11. Nxd5 cxd5 12. c3 e6 13. Be3 Qe7 14.
h3 h5 15. Rac1 Rfd8 16. Bf2 Qe8 17. Bh4 Rdc8 18. Nd2 Bf8 19. b4 Qa4 20. Bf2
b6 21. Ra1 Rc7 22. Rfc1 Rac8 23. Nb3 Rc4 24. Qd2 Qc6 25. Bd4 Bh6 26. a4 Qc7
27. Qe3 Rc6 28. b5 Rc4 29. Nd2 Bf8 30. Nxc4 Qxc4 31. Rd1 Bc2 32. Rd2 Bxa4
33. Rda2 Bxb5 34. Rxa7 Bc5 35. Bxc5 bxc5 36. Ra8 Rxa8 37. Rxa8+ Kg7 38. Rc8
Qf1+ 39. Kh2 c4 40. Rb8 Ba4 41. Rb4 Bc2 42. Qf3 Qe1 43. Qg3 Qc1 44. Qg5 Bf5
45. Qf6+ Kh6 46. Rb8 Qxf4+ 47. Kg1 Qe3+ 48. Kh1 Qc1+ 49. Kh2 Qf4+ 50. Kg1
Qe3+ 51. Kh1 Qc1+ 52. Kh2 Qf4+ 53. Kg1 Qe3+ 54. Kh1 Qc1+ 55. Kh2 Qf4+ 56.
Kg1 Qe3+ 57. Kh1 Qc1+ { Game drawn by repetition } 1/2-1/2

[Event "ICC tourney 2533 (25 5)"]
[Site "Internet Chess Club"]
[Date "2021.04.24"]
[Round "2"]
[White "SU, THEODORE:K09-16995458"]
[Black "ZHU, JENNY:K09-15942700"]
[Result "0-1"]
[ICCResult "White resigns"]
[WhiteElo "1279"]
[BlackElo "1959"]
[Opening "Sicilian: Kan, 5.Bd3"]
[ECO "B42"]
[NIC "SI.42"]
[Time "13:11:51"]
[PlyCount "90"]
[TimeControl "1500+5"]

1. e4 c5 2. Nf3 e6 3. d4 cxd4 4. Nxd4 a6 5. Bd3 Nf6 6. O-O Qc7 7. c4 d6 8.
Nc3 Nbd7 9. f4 b6 10. f5 e5 11. Nf3 Bb7 12. Bg5 Be7 13. Rc1 Nc5 14. Bxf6
Bxf6 15. Nd5 Qd8 16. b4 Nd7 17. Qe1 O-O 18. g4 g6 19. h4 Bg7 20. Ng5 b5 21.
Qf2 Nf6 22. Nxf6+ Qxf6 23. Nf3 bxc4 24. Rxc4 d5 25. g5 Qd6 26. exd5 Bxd5
27. Rc5 e4 28. Rd1 exd3 29. Rxd3 Rad8 30. Rdxd5 Qxd5 31. Rxd5 Rxd5 32. f6
Bh8 33. Qe2 Rd6 34. Qe5 Rfd8 35. Kf2 h6 36. Ke2 Re6 37. Ke3 Rxe5+ 38. Nxe5
hxg5 39. hxg5 Rd6 40. Ng4 Re6+ 41. Kd4 Kf8 42. a4 Ke8 43. b5 axb5 44. axb5
Kd7 45. Kc5 Kc7 { White resigns } 0-1

[Event "ICC tourney 2533 (25 5)"]
[Site "Internet Chess Club"]
[Date "2021.04.24"]
[Round "2"]
[White "XAVIER VIJAYRAM, AVNITH:K09-15728701"]
[Black "PENCILLE, JONLUKE:K09-15351837"]
[Result "1-0"]
[ICCResult "Black checkmated"]
[WhiteElo "1767"]
[BlackElo "1106"]
[Opening "QGD: 3.Nc3"]
[ECO "D31"]
[NIC "QP.08"]
[Time "13:11:17"]
[PlyCount "97"]
[TimeControl "1500+5"]

1. d4 d5 2. c4 e6 3. Nc3 Nc6 4. Nf3 Bb4 5. Bd2 Nf6 6. e3 O-O 7. a3 Bd6 8.
c5 Be7 9. b4 b6 10. b5 Na5 11. c6 a6 12. a4 Nc4 13. Bxc4 dxc4 14. Ne5 Nd5
15. Ne2 Nb4 16. Qb1 a5 17. e4 f6 18. Nxc4 e5 19. d5 f5 20. f3 fxe4 21. fxe4
Bh4+ 22. g3 Bg5 23. h3 Qf6 24. Ra3 Bxh3 25. Bxg5 Qf2+ 26. Kd2 Bg4 27. Qe1
Bxe2 28. Qxe2 Qd4+ 29. Ke1 Rf7 30. Rf1 Rxf1+ 31. Kxf1 Rf8+ 32. Kg2 h6 33.
Be7 Rf7 34. Bxb4 axb4 35. Rf3 Rxf3 36. Kxf3 Qc3+ 37. Kg2 b3 38. d6 Qc2 39.
Kf2 Kf8 40. dxc7 Qxe2+ 41. Kxe2 Ke7 42. c8=Q b2 43. Nxb2 g5 44. Qd7+ Kf6
45. Qf5+ Kg7 46. Nc4 h5 47. Nxe5 g4 48. Qg6+ Kf8 49. Qf7# { Black
checkmated } 1-0

[Event "ICC tourney 2533 (25 5)"]
[Site "Internet Chess Club"]
[Date "2021.04.24"]
[Round "2"]
[White "TAY, BRIAN:K09-15880655"]
[Black "GHODAKE, SPARSH:K09-16884947"]
[Result "1-0"]
[ICCResult "Black checkmated"]
[WhiteElo "1978"]
[BlackElo "1242"]
[Opening "Caro-Kann: Tartakower (Nimzovich) variation"]
[ECO "B15"]
[NIC "CK.06"]
[Time "13:14:08"]
[PlyCount "145"]
[TimeControl "1500+5"]

1. e4 c6 2. d4 d5 3. Nc3 dxe4 4. Nxe4 Nf6 5. Nxf6+ exf6 6. c3 Be6 7. Bd3
Bd6 8. Qc2 h6 9. Ne2 Qe7 10. O-O O-O 11. Ng3 Bxg3 12. hxg3 c5 13. dxc5 Qxc5
14. Be3 Qe7 15. Rfe1 Nc6 16. Be4 Rac8 17. Qa4 a6 18. Rad1 Rfd8 19. Bb6 Rxd1
20. Rxd1 g6 21. Bb1 Kg7 22. Qf4 g5 23. Qe3 Re8 24. Qd3 Rh8 25. a4 Ne5 26.
Qe4 Nc4 27. Bd4 Nxb2 28. Re1 Nc4 29. Bc2 Nd6 30. Qd3 Qd7 31. Bxf6+ Kxf6 32.
Qd4+ Ke7 33. Qxh8 Qc7 34. Bb3 Nf5 35. Bxe6 fxe6 36. Qh7+ Kd6 37. Rxe6+ Kxe6
38. Qxc7 b5 39. axb5 axb5 40. Qb6+ Ke5 41. Qxb5+ Ke6 42. Qc6+ Ke5 43. c4 h5
44. Qd5+ Kf6 45. c5 Ne7 46. Qd6+ Kf7 47. c6 Nxc6 48. Qxc6 Kg7 49. Kf1 Kf7
50. Ke2 h4 51. gxh4 gxh4 52. Kf3 h3 53. gxh3 Kg8 54. Kf4 Kh8 55. Kf5 Kg7
56. Qg6+ Kh8 57. Qh6+ Kg8 58. Kg5 Kf7 59. Qh7+ Ke6 60. h4 Ke5 61. Qe7+ Kd5
62. Kf4 Kd4 63. h5 Kd5 64. h6 Kc6 65. h7 Kd5 66. Qe5+ Kc6 67. Ke4 Kd7 68.
Qf6 Kc7 69. Qe6 Kb7 70. Qd6 Ka7 71. Qc6 Kb8 72. Qd7 Ka8 73. h8=Q# { Black
checkmated } 1-0

[Event "ICC tourney 2533 (25 5)"]
[Site "Internet Chess Club"]
[Date "2021.04.24"]
[Round "2"]
[White "ALSANDAIR MCQUILLIN, DANIL:K09-15050406"]
[Black "MALLADI, SADKRITH:K09-15797710"]
[Result "1/2-1/2"]
[ICCResult "Game drawn because neither player has mating material"]
[WhiteElo "1193"]
[BlackElo "1897"]
[Opening "English: symmetrical variation"]
[ECO "A37"]
[NIC "EO.28"]
[Time "13:11:31"]
[PlyCount "138"]
[TimeControl "1500+5"]

1. c4 c5 2. Nc3 g6 3. g3 Bg7 4. Bg2 Nc6 5. Nf3 d6 6. O-O e5 7. d3 Nge7 8.
a3 a5 9. Rb1 O-O 10. b3 h6 11. Bb2 Be6 12. Qc2 f5 13. e3 b6 14. Nd2 d5 15.
cxd5 Nxd5 16. Nc4 Rb8 17. Nb5 f4 18. exf4 exf4 19. Rbe1 Qd7 20. Qe2 Rbe8
21. Bxg7 Kxg7 22. Ne5 Nxe5 23. Qxe5+ Kh7 24. Nd6 Rd8 25. Qxe6 Qxd6 26. Bxd5
Qxd5 27. Qxb6 Rd7 28. Qxa5 fxg3 29. hxg3 Rf3 30. b4 Qxd3 31. Kg2 Rf5 32.
Qa8 cxb4 33. axb4 Rdf7 34. Re8 Qd4 35. f3 Qxb4 36. Rh8+ Kg7 37. Qg8+ Kf6
38. Rf2 Rg5 39. Rxh6 Qf8 40. Qxf8 Rxf8 41. f4 Rd5 42. Rh1 Rfd8 43. Re1 g5
44. Ree2 gxf4 45. Rxf4+ Kg5 46. Rfe4 Rh8 47. Re5+ Rxe5 48. Rxe5+ Kg4 49.
Re4+ Kg5 50. Kf3 Rf8+ 51. Rf4 Rxf4+ 52. gxf4+ Kf5 53. Kg3 Kg6 54. Kg4 Kf6
55. f5 Ke7 56. Kg5 Kf7 57. f6 Kf8 58. Kf5 Kf7 59. Ke5 Kf8 60. Ke6 Ke8 61.
Kd5 Kf7 62. Ke5 Kf8 63. Kf5 Kf7 64. Kg5 Kf8 65. Kh5 Kf7 66. Kg5 Kf8 67. Kg6
Kg8 68. Kg5 Kf7 69. Kh6 Kxf6 { Game drawn because neither player has mating
material } 1/2-1/2